 Dungeon Crawl Stone Soup version 0.30.0 (webtiles) character file.

Game seed: 12620746134382547305

37428 alexhoolio the Blocker (level 13, -1/84 HPs)
             Began as a Gargoyle Reaver on May 29, 2023.
             Was the Champion of Cheibriados.
             Slain by a frost giant
             ... wielding a +0 battleaxe of freezing
              (31 damage)
             ... in an ice cave.
             The game lasted 02:28:43 (18445 turns).

alexhoolio the Blocker (Gargoyle Reaver)           Turns: 18445, Time: 02:28:44

Health: -1/84      AC: 30    Str: 38    XL:     13   Next: 96%
Magic:  20/20      EV:  9    Int: 30    God:    Cheibriados [******]
Gold:   925        SH: 21    Dex: 26    Spells: 15/21 levels left

rFire   . . .        p - +4 dagger (elec)
rCold   + + .        H - +1 tower shield {rC+}
rNeg    + . .        v - +3 chain mail {rPois}
rPois   ∞            (no helmet)
rElec   +            h - +2 cloak
rCorr   .            (no gloves)
SInv    .            M - +2 pair of boots
Will    .....        J - amulet "Naphash" {Faith Str+3 Dex+3}
Stlth   +            B - ring of ice
HPRegen 0.34/turn    E - ring of protection from fire
MPRegen 0.17/turn

%: faith
@: mighty, invisible, very slow
A: sickness immunity, AC +9, negative energy resistance 1, electricity
resistance, torment resistance 1, petrification resistance
a: Renounce Religion, Bend Time, Temporal Distortion, Slouch, Step From Time


You were in an ice cave.
You worshipped Cheibriados.
Cheibriados was exalted by your worship.
You visited 3 branches of the dungeon, and saw 16 of its levels.
You also visited: Ice Cave.

You collected 925 gold pieces.

Inventory:

Hand Weapons
 k - a +1 sling of freezing
 p - a +4 dagger of electrocution (weapon)
 r - a +2 flail of holy wrath
 D - the +0 great sword of the Flying Rattlesnake {elec, rN+ Dex+3}
   (You found it in an ice cave)

   Dex:       It affects your dexterity (+3).
   rN:        It protects you from negative energy.
 G - a +1 dire flail
Missiles
 i - 84 stones
 o - 3 throwing nets
 L - a boomerang (quivered)
 Q - 8 javelins
Armour
 h - a +2 cloak (worn)
 v - a +3 chain mail of poison resistance (worn)
 H - a +1 tower shield of cold resistance (worn)
 M - a +2 pair of boots (worn)
Magical Staves
 O - a staff of conjuration
Jewellery
 b - an amulet of magic regeneration
 t - a +6 ring of strength
 u - a +4 ring of protection
 B - a ring of ice (left hand)
 E - a ring of protection from fire (right hand)
 J - the amulet "Naphash" (around neck) {Faith Str+3 Dex+3}
   (You found it on level 8 of the Dungeon)

   [amulet of faith]

   It allows you to gain divine favour quickly.
   Str:       It affects your strength (+3).
   Dex:       It affects your dexterity (+3).
Wands
 a - a wand of roots (8)
 n - a wand of flame (23)
 s - a wand of polymorph (12)
 F - a wand of charming (1)
 R - a wand of quicksilver (4)
Scrolls
 d - 3 scrolls of identify
 e - a scroll of enchant armour
 g - a scroll of blinking
 l - 6 scrolls of teleportation
 m - 4 scrolls of enchant weapon
 x - a scroll of butterflies
 y - 2 scrolls of fog
Potions
 c - a potion of might
 f - 14 potions of curing
 j - 2 potions of lignification
 q - 3 potions of mutation
 w - 3 potions of flight
 z - 2 potions of cancellation
 A - 2 potions of brilliance
 C - 3 potions of attraction
 I - a potion of resistance
Miscellaneous
 N - a phantom mirror


   Skills:
 + Level 11.1 Fighting
 - Level 10.0 Short Blades
 - Level 3.5 Maces & Flails
 + Level 8.9 Armour
 - Level 1.5 Dodging
 - Level 4.0 Stealth
 + Level 11.5 Shields
 + Level 4.6 Spellcasting
 + Level 7.1 Conjurations
 + Level 6.8 Ice Magic
 + Level 8.5 Invocations


You had 15 spell levels left.
You knew the following spells:

 Your Spells              Type           Power      Damage    Failure   Level
a - Kiss of Death         Conj/Necr      100%       2d13      9%          1
b - Momentum Strike       Conj/Tloc      56%        3d9       12%         2
c - Hailstorm             Conj/Ice       65%        3d14      6%          3

Your spell library contained the following spells:

 Spells                   Type           Power      Damage    Failure   Level
 Ensorcelled Hibernation  Hex/Ice        82%        N/A       13%         2
 Necrotise                Necr           24%        1d5       34%         1
 Iskenderun's Battlesphe  Conj           49%        2d10      45%         5
 Lesser Beckoning         Tloc           12%        N/A       47%         2
 Passwall                 Tmut/Erth      5%         N/A       47%         2
 Fulminant Prism          Conj/Hex       14%        3d9       63%         4
 Iskenderun's Mystic Bla  Conj/Tloc      28%        2d7       63%         4
 Gell's Gravitas          Tloc           6%         N/A       71%         3
 Portal Projectile        Hex/Tloc       12%        N/A       71%         3
 Swiftness                Air            6%         N/A       71%         3
 Teleport Other           Tloc           6%         N/A       71%         3
 Tukima's Dance           Hex            6%         N/A       71%         3
 Vampiric Draining        Necr           6%         2d6       71%         3
 Volatile Blastmotes      Fire/Tloc      12%        2d11      71%         3
 Fireball                 Conj/Fire      14%        3d8       92%         5
 Agony                    Necr           6%         N/A       100%        5
 Blade Hands              Tmut           3%         N/A       100%        5
 Lee's Rapid Deconstruct  Erth           3%         3d5*      100%        5
 Conjure Ball Lightning   Conj/Air       14%        3x3d6     100%        6
 Dispersal                Tloc           3%         N/A       100%        6
 Orb of Destruction       Conj           24%        9d9       100%        7


Dungeon Overview and Level Annotations

Branches:
Dungeon (11/15)            Temple (1/1) D:6            Lair (4/5) D:9
 Shoals (0/4) Lair:3        Snake (0/4) Lair:3        IceCv (1/1)
  Slime: Lair:4-5       Orc: D:9-12

Altars:
Ashenzari
Cheibriados
Dithmenos
Elyvilon
Fedhas
Gozag
Hepliaklqana
Kikubaaqudgha
Makhleb
Nemelex Xobeh
Okawaru
Qazlal
Ru
Sif Muna
Trog
Uskayaw
Vehumet
Wu Jian
Xom
Yredelemnul
Zin
The Shining One

Shops:
D:7 *?   D:9 :

Annotations:
D:5 2 transporters
Lair:2 3 runed translucent doors, Zapai's ghost, journeyman DgAr; Zoobame's ghost, journeyman DEHW


Innate Abilities, Weirdness & Mutations

You are immune to sickness and miasma.
Your stone body is resilient. (AC +9)
You are immune to poison.
You resist negative energy. (rN+)
You are resistant to electric shocks. (rElec)
You are resistant to unholy torment.
You are immune to petrification.


Message History

The polar bear growls angrily.
You catch the helpless death yak completely off-guard!
You perforate the death yak like a sieve!!!
You kill the death yak!
Cheibriados thoroughly appreciates the change of pace.
The polar bear growls angrily.
You puncture the frost giant!
The frost giant is lightly wounded.
The polar bear growls angrily.
The frost giant hits you with a +0 battleaxe of freezing!
The frost giant freezes you.
You hit the frost giant.
The frost giant is lightly wounded.
The polar bear growls angrily.
You block the frost giant's attack.
You puncture the frost giant!
The frost giant is moderately wounded.
You impale the frost giant!!
The frost giant is heavily wounded.
The frost giant hits you with a +0 battleaxe of freezing!
The frost giant freezes you.
You puncture the frost giant!
The frost giant is heavily wounded.
The frost giant casts a spell at you. The bolt of cold hits you! You resist.
You hit the frost giant.
The frost giant is heavily wounded.
You puncture the frost giant!
The frost giant is severely wounded.
The frost giant gestures at you while chanting.
The bolt of cold misses you.
The polar bear growls angrily.
You puncture the frost giant!
The frost giant is severely wounded.
The polar bear growls angrily.
You puncture the frost giant!
The frost giant is severely wounded.
The polar bear growls angrily.
The frost giant hits you with a +0 battleaxe of freezing!!
You die... #.#####.## #.## ##.# #..####.## ##..##.## ##.##.## #..##.# ##.##.## . ##..###.# YY ##..@##..## YY. #...#Ch#..# .hY

#...#Y#.#.##
..#
#..######.Y#..#
#..#≈##≈##.YY#
#.##≈≈#≈≈##.##
#.##≈≈≈≈≈≈###
##.#≈≈≈≈≈≈##
#.#≈≈≈≈≈≈≈#


You could see a frost giant, a polar bear (wandering, unable to see you) and a
yak (unable to see you).

Vanquished Creatures
  Harold (D:9)
  A centaur warrior (D:10)
  A two-headed ogre (D:10)
  A boulder beetle (D:11)
  9 death yaks
  A moth of wrath (D:11)
  An ice statue (IceCv)
  A torpor snail (Lair:1)
  3 black mambas
  A gargoyle (D:11)
  7 cane toads
  4 rime drakes
  5 komodo dragons
  14 polar bears
  A troll (D:11)
  A meliai (shapeshifter) (D:10)
  Grinder (D:3)
  14 blink frogs
  A shadow (D:10)
  3 wraiths
  37 yaks
  Eustachio (D:3)
  2 wyverns
  5 basilisks
  Grum (D:10)
  5 steam dragons
  3 nagas (Lair:3)
  11 water moccasins
  2 acid dragons
  10 orc warriors
  3 ice beasts
  2 sky beasts (D:8)
  2 black bears
  30 wolves
  5 centaurs
  2 kobold brigands
  3 gnoll sergeants
  12 bullfrogs
  7 scorpions
  5 wights (D:9)
  12 killer bees
  2 hounds
  7 orc priests
  6 iguanas
  A sleepcap (D:6)
  11 orc wizards
  7 hell rats (Lair:4)
  9 adders
  5 gnolls (D:10)
  A shadow imp (D:6)
  An ufetubus (D:6)
  2 worms
  3 dart slugs
  66 orcs
  6 ball pythons
  5 endoplasms
  3 giant cockroaches
  4 goblins
  7 hobgoblins
  2 jackals (D:1)
  5 quokkas
  5 bats
  4 frilled lizards
  8 kobolds
  3 rats
404 creatures vanquished.

Vanquished Creatures (others)
  18 fungi
  10 plants
28 creatures vanquished.

Grand Total: 432 creatures vanquished

Notes
Turn   | Place    | Note
-------+----------+-------------------------------------------
     0 | D:1      | alexhoolio the Gargoyle Reaver began the quest for the Orb.
     0 | D:1      | Reached XP level 1. HP: 12/12 MP: 3/3
   111 | D:1      | Reached XP level 2. HP: 18/18 MP: 5/5
   121 | D:1      | Learned a level 2 spell: Momentum Strike
   323 | D:2      | Reached skill level 1 in Armour
   575 | D:1      | Reached XP level 3. HP: 23/23 MP: 6/6
  1425 | D:2      | Reached XP level 4. HP: 21/28 MP: 7/7
  2220 | D:3      | Noticed Grinder
  2240 | D:3      | Paralysed by Grinder for 5 turns
  2249 | D:3      | Killed Grinder
  2250 | D:3      | Reached XP level 5. HP: 18/33 MP: 8/8
  2250 | D:3      | Reached XP level 6. HP: 21/38 MP: 9/9
  2966 | D:4      | Reached XP level 7. HP: 38/42 MP: 10/10
  2983 | D:4      | Noticed Eustachio
  3097 | D:3      | Killed Eustachio
  3098 | D:3      | Reached skill level 5 in Short Blades
  3392 | D:4      | Found a basalt altar of Yredelemnul.
  3431 | D:4      | Found a broken altar of Ashenzari.
  3650 | D:5      | Entered Level 5 of the Dungeon
  3805 | D:5      | Found a bloodstained altar of Trog.
  3809 | D:5      | Found a transporter.
  3931 | D:5      | Reached XP level 8. HP: 33/48 MP: 11/11
  4318 | D:5      | Found a transporter.
  4436 | D:6      | Found a shimmering blue altar of Sif Muna.
  4933 | D:6      | Found a staircase to the Ecumenical Temple.
  4970 | Temple   | Entered the Ecumenical Temple
  5075 | Temple   | Became a worshipper of Cheibriados the Contemplative
  5178 | D:6      | Found an ornate altar of the Wu Jian Council.
  5245 | D:7      | Found Turyiske's Magic Scroll Shop.
  5366 | D:7      | Reached XP level 9. HP: 52/52 MP: 12/12
  5648 | D:7      | Reached skill level 10 in Short Blades
  5783 | D:7      | Reached skill level 1 in Stealth
  5783 | D:7      | Reached skill level 1 in Invocations
  5928 | D:7      | Reached * piety under Cheibriados
  5960 | D:7      | Reached skill level 5 in Fighting
  6505 | D:7      | Found Natump's Assorted Antiques.
  6920 | D:8      | Identified the amulet "Naphash" {Faith Str+3 Dex+3}
  6937 | D:8      | Found a blossoming altar of Fedhas.
  6938 | D:8      | Found an ancient bone altar of Kikubaaqudgha.
  6941 | D:8      | Noticed Maggie
  6946 | D:8      | Maggie changed into Maggie the sky beast
  6946 | D:8      | Noticed Maggie
  6967 | D:8      | Killed Maggie the sky beast
  7066 | D:8      | Learned a level 3 spell: Hailstorm
  7123 | D:8      | Reached XP level 10. HP: 54/60 MP: 13/13
  7129 | D:8      | Reached ** piety under Cheibriados
  7171 | D:8      | Reached skill level 1 in Ice Magic
  7573 | D:8      | Reached *** piety under Cheibriados
  8535 | D:8      | Reached **** piety under Cheibriados
  8649 | D:8      | Found a shadowy altar of Dithmenos.
  8784 | D:9      | Reached skill level 5 in Armour
  8930 | D:9      | Reached skill level 5 in Conjurations
  9227 | D:9      | Found Linish's Book Shop.
  9312 | D:9      | Found a hazy altar of Hepliaklqana.
  9343 | D:9      | Found a staircase to the Lair.
  9380 | D:9      | Found a radiant altar of Vehumet.
  9590 | D:9      | Reached skill level 5 in Invocations
  9663 | D:10     | Entered Level 10 of the Dungeon
  9663 | D:10     | Noticed a two-headed ogre
  9708 | Lair:1   | Entered Level 1 of the Lair of Beasts
  9708 | Lair:1   | Noticed a death yak
  9708 | Lair:1   | Noticed a death yak
  9708 | Lair:1   | Noticed a death yak
  9708 | Lair:1   | Noticed a death yak
  9731 | D:9      | Killed a death yak
  9732 | D:9      | Reached XP level 11. HP: 7/69 MP: 8/14
 10079 | D:10     | Killed a two-headed ogre
 10448 | D:10     | Noticed Grum
 10679 | D:10     | Killed Grum
 10782 | D:10     | Noticed a centaur warrior
 10797 | D:10     | Killed a centaur warrior
 11021 | D:10     | Identified the orb of the Earth {mayhem, +Blink Dex+2
                  | Stlth+}
 12073 | D:11     | Noticed a boulder beetle
 12099 | D:11     | Noticed a deep elf pyromancer
 12113 | D:11     | Killed a boulder beetle
 12114 | D:11     | Reached skill level 5 in Shields
 12118 | D:11     | a deep elf pyromancer changed into a moth of wrath
 12118 | D:11     | Noticed a moth of wrath
 12123 | D:11     | Killed a moth of wrath
 12612 | D:9      | Killed a death yak
 12613 | D:9      | Reached XP level 12. HP: 14/77 MP: 16/16
 12613 | D:9      | HP: 2/115 [death yak (12)]
 12616 | D:9      | Killed a death yak
 12621 | D:9      | Killed a death yak
 12804 | Lair:1   | Noticed Harold
 12825 | D:9      | Killed Harold
 13284 | Lair:1   | Reached skill level 10 in Shields
 13389 | Lair:1   | Reached skill level 10 in Fighting
 13924 | Lair:1   | Reached skill level 5 in Ice Magic
 14107 | Lair:2   | Reached ***** piety under Cheibriados
 14487 | Lair:2   | Found a runed translucent gate.
 14487 | Lair:2   | Found a runed translucent gate.
 14488 | Lair:2   | Found a runed translucent gate.
 14490 | Lair:2   | Noticed Zapai's ghost (journeyman DgAr)
 14490 | Lair:2   | Noticed Zoobame's ghost (journeyman DEHW)
 14878 | Lair:2   | Reached XP level 13. HP: 82/82 MP: 18/18
 15642 | Lair:3   | Found a staircase to the Shoals.
 16517 | Lair:3   | Found a staircase to the Snake Pit.
 16827 | Lair:4   | Found a frozen archway.
 16856 | IceCv    | Entered an ice cave
 17464 | IceCv    | Identified the +0 great sword of the Flying Rattlesnake
                  | {elec, rN+ Dex+3}
 17544 | IceCv    | Reached ****** piety under Cheibriados
 18400 | IceCv    | Noticed a frost giant
 18445 | IceCv    | Slain by a frost giant

Illustrated notes

Levels and vault maps discovered:
D:1:      dpeg_arrival_round_c, layout_loops_cross, serial_forest,
          infiniplex_forest_straight_5, infiniplex_forest_lined_ring,
          infiniplex_forest_split, infiniplex_forest_zigzag_2,
          infiniplex_forest_lined_room_2, infiniplex_forest_clump_double,
          infiniplex_forest_lined_room_, infiniplex_forest_clump_small,
          infiniplex_forest_straight_4
D:2:      layout_loops_corners, minmay_strange_pillars
D:3:      minmay_skewed_foursquare, layout_loops_ring, uniq_grinder
D:4:      layout_cave_pools, mainiacjoe_overflow_catch_the_wave, uniq_eustachio
D:5:      gammafunk_steamed_eel, layout_rooms, mainiacjoe_overflow_tiny_flanked,
          serial_glass, glass_columns_a, glass_columns_b, glass_columns_c,
          glass_columns_b, glass_columns_b, glass_columns_c, glass_columns_a,
          glass_columns_a, feat_on_display, item_on_display_a
D:6:      layout_loops_ring, kennysheep_mini, old_standard_altar,
          minmay_temple_entry_steel_oval, minmay_misc_feat_cross
D:7:      layout_basic, serial_shops, nicolae_stop_n_shop_2, shop
D:8:      minmay_s_stair_smasher, layout_cave_pools, kennysheep_mini_moat,
          grunt_temple_overflow_growth_and_decay, special_room
          [special_room_orc], glass_columns_b, uniq_maggie
D:9:      layout_roguey, nzn_hepliaklqana_mist_gate, overflow_temple_1_default,
          dpeg_oklobed_lair, serial_shops, shop
D:10:     layout_gridville, small_chamber_with_monster, uniq_grum
D:11:     layout_long_grid
Temple:   nicolae_temple_ecumenical_triangle
Lair:1:   layout_cave_shapes, pdpol_lair_neglected_garden,
          chequers_serial_rivers_micro_d, uniq_harold
Lair:2:   layout_cave_pods, gammafunk_ghost_cemetery, grunt_megastairs_4
Lair:3:   layout_layer_cave, shoals_dummy_entry, nicolae_snake_entry_squirm,
          gauntlet_entry_generic
Lair:4:   layout_roguey, dpeg_slime_entry_enclosed, portal_ice_cave_rime,
          nicolae_lair_time_for_slime
IceCv:    ice_cave_caverns_02

Skill      XL: |  1  2  3  4  5  6  7  8  9 10 11 12 13 |
---------------+----------------------------------------+-----
Armour         | 1 3 5 6 7 8 |  8.9
Fighting       | 3 6 8 9 10 11 | 11.1
Short Blades   | 3 4 6 9 10 | 10.0
Stealth        | 3 4 |  4.0
Invocations    | 3 5 6 7 8 |  8.5
Conjurations   | 5 7 |  7.1
Ice Magic      | 3 4 5 6 |  6.8
Shields        | 7 10 11 | 11.5
Spellcasting   | 4 |  4.6
Maces & Flails | |  3.5
Dodging        | |  1.5

Action                     |  1- 3 |  4- 6 |  7- 9 | 10-12 | 13-15 || total
---------------------------+-------+-------+-------+-------+-------++-------
  Melee: Mace              |   131 |    61 |       |       |       ||   192
         Dagger            |       |    57 |   412 |  1051 |   710 ||  2230
         Punch             |       |     1 |     4 |     9 |       ||    14
         Flail             |       |       |       |    16 |       ||    16
  Throw: Stone             |     3 |    11 |     7 |     1 |       ||    22
         Boomerang         |       |       |    31 |    57 |     1 ||    89
         Javelin           |       |       |     3 |     6 |       ||     9
   Cast: Kiss of Death     |       |       |     1 |     1 |       ||     2
 Invoke: Bend Time         |       |       |     1 |    18 |     6 ||    25
         Slouch            |       |       |       |     3 |       ||     3
  Evoke: Wand              |       |     2 |    13 |     4 |     2 ||    21
    Use: Scroll            |       |       |       |    14 |     9 ||    23
         Potion            |       |       |       |     9 |     5 ||    14
   Stab: Invisible         |       |       |       |       |     7 ||     7
         Distracted        |       |       |       |       |     1 ||     1
 Armour: Leather armour    |    39 |       |       |       |       ||    39
         Ring mail         |       |    46 |       |       |       ||    46
         Scale mail        |       |     2 |     8 |       |       ||    10
         Chain mail        |       |       |   188 |   433 |   205 ||   826
         Skin              |       |       |       |     3 |       ||     3
  Dodge: Dodged            |    71 |    49 |   120 |   314 |   131 ||   685
  Block: Kite shield       |       |       |       |   193 |   273 ||   466
         Tower shield      |       |       |       |       |    14 ||    14
